 Dungeon Crawl Stone Soup version 0.32-a0-673-g3729bd50f8 (webtiles) character file.

Game seed: 7055215586414778140

276087 adelrune the Devastator (level 19, -2/154 HPs)
             Began as a Pale Draconian Earth Elementalist on Mar 10, 2024.
             Was the Champion of Vehumet.
             Killed from afar by an ironbound thunderhulk (34 damage)
             ... with a bolt of lightning
             ... on level 2 of the Vaults.
             The game lasted 03:47:31 (58397 turns).

adelrune the Devastator (DrEE)                     Turns: 58397, Time: 03:47:31

Health: -2/154     AC: 15    Str: 11    XL:     19   Next: 57%
Magic:  22/36      EV: 30    Int: 21    God:    Vehumet [******]
Gold:   2635       SH: 14    Dex: 17    Spells: 4/45 levels left

rFire   + + .        W - +8 demon trident "Rift" {distort, reach+}
rCold   + . .        M - +2 kite shield
rNeg    . . .        (body armour unavailable)
rPois   +            v - +1 hat
rElec   .            G - scarf {repulsion}
rCorr   .            c - +2 pair of gloves {Dex+3}
SInv    .            x - +0 pair of boots of the First Dreams {rPois rF++ rC+}
Will    +++..        o - amulet of the acrobat
Stlth   ++           d - ring of willpower
HPRegen 0.45/turn    I - ring of willpower
MPRegen 0.25/turn

%: repel missiles, acrobat
@: acrobatic
A: steam breath, AC +10, unfitting armour, cold-blooded, steam resistance
}: 2/15 runes: barnacled, gossamer
a: Steam Breath, Renounce Religion


You were on level 2 of the Vaults.
You worshipped Vehumet.
Vehumet was exalted by your worship.
You visited 7 branches of the dungeon, and saw 33 of its levels.
You also visited: Gauntlet and Volcano.

You collected 3595 gold pieces.
You spent 960 gold pieces at shops.

Inventory:

Hand Weapons
 W - the +8 demon trident "Rift" (weapon) {distort, reach+}
   (You found it in a Gauntlet)
Missiles
 r - 9 curare-tipped darts
 E - 2 throwing nets (quivered)
 X - 9 silver javelins
Armour
 c - a +2 pair of gloves of dexterity (worn)
 v - a +1 hat (worn)
 x - the +0 pair of boots of the First Dreams (worn) {rPois rF++ rC+}
   (You found it on level 1 of the Shoals)

   rF++:      It greatly protects you from fire.
   rC+:       It protects you from cold.
   rPois:     It protects you from poison.
 G - a scarf of repulsion (worn)
 M - a +2 kite shield (worn)
 Y - a scarf of resistance
Jewellery
 d - a ring of willpower (left hand)
 h - a ring of protection from cold
 o - an amulet of the acrobat (around neck)
 p - a +6 ring of intelligence
 C - an amulet of guardian spirit
 I - a ring of willpower (right hand)
 K - a ring of wizardry
 L - a +4 ring of slaying
 N - the ring "Zuanof" {AC+4 Dex+6}
   (You took it off a vampire knight on level 2 of the Vaults)

   [ring of protection]

   AC+4:      It affects your AC (+4).
   Dex+6:     It affects your dexterity (+6).
 Q - a ring of positive energy
 R - a ring of see invisible
Wands
 k - a wand of warping (25)
 n - a wand of digging (21)
 s - a wand of paralysis (27)
 H - a wand of mindburst (23)
 O - a wand of acid (29)
 T - a wand of polymorph (6)
Scrolls
 b - 10 scrolls of immolation
 g - 6 scrolls of teleportation
 i - 4 scrolls of revelation
 m - 3 scrolls of enchant armour
 w - 6 scrolls of vulnerability
 y - 4 scrolls of amnesia
 B - 2 scrolls of butterflies
 F - 3 scrolls of fog
 P - 5 scrolls of poison
Potions
 a - 5 potions of magic
 e - 10 potions of curing
 f - 5 potions of brilliance
 j - a potion of resistance
 l - 23 potions of ambrosia
 q - a potion of invisibility
 t - 2 potions of berserk rage
 u - 6 potions of enlightenment
 z - 7 potions of mutation
 A - 5 potions of heal wounds
 J - 5 potions of lignification
 S - 6 potions of might
 Z - 7 potions of haste
Miscellaneous
 U - a phial of floods
 V - a lightning rod (4/4)


   Skills:
 - Level 10.2 Fighting
 - Level 14.0 Polearms
 + Level 7.8 Dodging
 - Level 2.0 Stealth
 - Level 10.0 Shields
 + Level 13.8 Spellcasting
 - Level 16.5 Conjurations
 - Level 13.0 Summonings
 - Level 4.5 Translocations
 - Level 5.0 Ice Magic
 - Level 5.0 Air Magic
 * Level 13.6 Earth Magic
 - Level 8.0 Evocations


You had 4 spell levels left.
You knew the following spells:

 Your Spells              Type           Power      Damage    Failure   Level
a - Sandblast             Erth           100%       2d20      1%          1
b - Passwall              Erth           64%        N/A       1%          3
c - Stone Arrow           Conj/Erth      100%       3d13      1%          3
d - Irradiate             Conj/Alch      24%        3d19      3%          5
e - Freezing Cloud        Conj/Ice/Air   25%        6-21      2%          5
f - Lehudib's Crystal Sp  Conj/Erth      33%        10d9      36%         8
g - Orb of Destruction    Conj           35%        9d10      3%          7
h - Spellforged Servitor  Conj/Summ      33%        N/A       7%          7
i - Blink                 Tloc           66%        N/A       2%          2

Your spell library contained the following spells:

 Spells                   Type           Power      Damage    Failure   Level
 Polar Vortex             Ice            17%        12d2*     100%        9
 Shatter                  Erth           32%        3d26*     100%        9
 Magic Dart               Conj           100%       1d8       0%          1
 Searing Ray              Conj           100%       2d8       0%          2
 Kiss of Death            Conj/Necr      100%       2d13      1%          1
 Sting                    Conj/Alch      100%       1d9       1%          1
 Call Imp                 Summ           100%       N/A       1%          2
 Mercury Vapours          Alch/Air       50%        N/A       1%          2
 Momentum Strike          Conj/Tloc      100%       3d10      1%          2
 Brom's Barrelling Bould  Conj/Erth      67%        2d8       1%          4
 Flame Wave               Conj/Fire      49%        2d12      1%          4
 Fulminant Prism          Conj/Alch      24%        3d12      1%          4
 Iskenderun's Mystic Bla  Conj/Tloc      56%        2d12      1%          4
 Lesser Beckoning         Tloc           66%        N/A       2%          2
 Ozocubu's Armour         Ice            35%        N/A       4%          3
 Swiftness                Air            35%        N/A       4%          3
 Volatile Blastmotes      Fire/Tloc      48%        2d14      4%          3
 Ensorcelled Hibernation  Hex/Ice        50%        N/A       6%          2
 Leda's Liquefaction      Alch/Erth      21%        N/A       7%          4
 Petrify                  Alch/Erth      43%        N/A       7%          4
 Sublimation of Blood     Necr           14%        N/A       19%         2
 Olgreb's Toxic Radiance  Alch           14%        N/A       28%         4
 Sticky Flame             Fire/Alch      14%        2d5       28%         4
 Confusing Touch          Hex            14%        N/A       34%         3
 Tukima's Dance           Hex            14%        N/A       34%         3
 Dimensional Bullseye     Hex/Tloc       12%        N/A       43%         4
 Dispel Undead            Necr           14%        3d10      75%         4
 Iskenderun's Battlesphe  Conj           71%        2d12      1%          5
 Lee's Rapid Deconstruct  Erth           32%        3d16*     1%          5
 Bombard                  Conj/Erth      33%        9d6       1%          6
 Fireball                 Conj/Fire      24%        3d11      3%          5
 Conjure Ball Lightning   Conj/Air       28%        3x3d8     6%          6
 Summon Hydra             Summ           31%        N/A       43%         7
 Metabolic Englaciation   Hex/Ice        12%        N/A       75%         5
 Malign Gateway           Summ/Tloc      25%        N/A       95%         7
 Summon Horrible Things   Summ           31%        N/A       98%         8
 Sculpt Simulacrum        Ice/Alch       12%        N/A       100%        6


Dungeon Overview and Level Annotations

Branches:
Dungeon (15/15)            Temple (1/1) D:4            Lair (5/5) D:10
 Shoals (4/4) Lair:3       Spider (4/4) Lair:2        Slime (0/5) Lair:5
    Orc (2/2) D:9             Elf (0/3) Orc:2        Vaults (2/5) D:13
  Crypt (0/3) Vaults:2     Depths (0/4) D:15        Volcano (visited)
Gauntlet (visited)

Altars:
Ashenzari
Cheibriados
Dithmenos
Elyvilon
Fedhas
Gozag
Hepliaklqana
Kikubaaqudgha
Makhleb
Nemelex Xobeh
Okawaru
Qazlal
Ru
Sif Muna
Trog
Uskayaw
Vehumet
Wu Jian
Xom
Yredelemnul
Zin
The Shining One
Beogh

Shops:
D:2 *   D:7 *   D:8 [   Orc:2 ([*(   Vaults:1 !

Annotations:
D:12 3 runed translucent doors, exclusion: downstairs
D:14 1 runed translucent door
Spider:1 exclusion: downstairs
Orc:1 1 runed translucent door, MrSquiggles's ghost, journeyman MiFi
Abyss:1 Donald; Mara; Mlioglotl; Nikola; Saint Roka


Innate Abilities, Weirdness & Mutations

You can breathe blasts of scalding, opaque steam.
Your pale cyan-grey scales are hard. (AC +10)
You cannot fit into any form of body armour.
You are cold-blooded and may be slowed by cold attacks.
You are immune to the effects of steam.


Message History

The vault warden is heavily wounded.
Your spellforged servitor launches a ball of destructive magic.
The vault warden blocks your orb of destruction.
The vault warden hits you with a +0 long sword!!
You barely miss the vault warden.
The vault warden is heavily wounded.
The vault warden blocks your attack.
The vault warden is heavily wounded.
The vault warden hits you with a +0 long sword!
Your spellforged servitor launches a ball of destructive magic.
The wavering orb of destruction weakly hits the vault warden!!
You hit the vault warden.
Space warps around the vault warden.
The vault warden is almost dead.
The vault warden hits you with a +0 long sword!!
You hit the vault warden but do no damage.
Space warps horribly around the vault warden!!
You kill the vault warden!
Vehumet accepts your kill.
The runic seal fades away.
You open the door.
There is an open door here.
You start resting.
An ironbound thunderhulk is nearby!
Casting: Spellforged Servitor (dangerous; 7% risk of failure)
Confirm with . or Enter, or press ? or * to list all spells.
Aiming: Freezing Cloud (mildly dangerous; 2% risk of failure)
Press: ? - help, Dir - move target Your spellforged servitor conjures an orb of pure magic.
Casting: Freezing Cloud (mildly dangerous; 2% risk of failure)
Confirm with . or Enter, or press ? or * to list all spells.
Aiming: Freezing Cloud (mildly dangerous; 2% risk of failure)
Press: ? - help, Dir - move target Electricity crackles from the ironbound thunderhulk's apparatus.
The bolt of lightning hits you!!
* * * LOW HITPOINT WARNING * * *
Your spellforged servitor conjures a glowing orb.
The orb of destruction hits the ironbound thunderhulk!!!
Electricity crackles from the ironbound thunderhulk's apparatus.
The bolt of lightning hits you!!
You die...

#.......#........#.....#.)
#.......#...>....#.....#..
########.......#........#.....#..
...#.#.#....)..'........#.....#..
#.#.#.##.......#........#.....#..
.#.#.#.#^......##'#######.....#..
#####.##......................###
#.#)#..§§§.................... O
##..'.O§§*○9.@................
...#.#.#.§§§§.)..................
#####.##.§§§.....................
#.#.'.§§§.....................
#.#.####################'######
..#. #÷...... #### #.......
#....... #.).....


You could see an ironbound thunderhulk (ally target) and a friendly spellforged
servitor (summoned).

Vanquished Creatures
  Rupert (D:12)
  A kraken (Shoals:1)
  Polyphemus (Shoals:4)
  A deep elf sorcerer (Vaults:2)
  2 emperor scorpions (Spider:4)
  4 ghost moths
  3 vault wardens
  5 ironbound preservers
  2 broodmothers (Spider:4)
  3 ironbound thunderhulks
  A dire elephant (Vaults:1)
  2 war gargoyles
  A minotaur (Gauntlet)
  A spark wasp (Spider:2)
  2 yaktaur captains (Vaults:1)
  2 crystal guardians (Vaults:2)
  3 ettins
  3 merfolk javelineers (Shoals:4)
  2 entropy weavers
  4 hydras
  2 great orbs of eyes
  6 merfolk impalers
  A peacekeeper (Vaults:2)
  A catoblepas (Lair:5)
  7 vault guards
  A jorogumo (Spider:1)
  4 boulder beetles
  3 merfolk avatars
  A two-headed ogre (D:10)
  12 centaur warriors
  An ironbound frostheart (D:13)
  3 merfolk aquamancers (Shoals:4)
  3 radroaches
  A deep troll earth mage (D:15)
  8 death yaks
  5 demonic crawlers
  A hell hog (Volcano)
  A spriggan berserker (D:15)
  A tengu warrior (D:15)
  3 orc high priests
  Nergalle (D:12)
  4 pharaoh ants
  6 skysharks
  5 sea snakes
  9 deep trolls
  2 sun moths
  An arcanist (Vaults:1)
  3 ironbound convokers
  5 steelbarb worms
  3 orb spiders
  5 lindwurms
  3 deep elf pyromancers
  9 harpies
  An orc sorcerer (Orc:2)
  27 ugly things
  7 fauns
  5 cyclopes
  2 orc knights (Orc:2)
  18 wolf spiders
  7 manticores
  Maurice (D:9)
  12 meliai
  2 moths of wrath (Spider:4)
  9 merfolk sirens
  3 vault sentinels (Vaults:1)
  2 kobold blastminers (Orc:2)
  3 black mambas
  7 water nymphs
  9 elephants (Lair:4)
  A molten gargoyle (Volcano)
  A minotaur zombie (Gauntlet)
  5 torpor snails
  4 nameless horrors
  17 cane toads
  4 rime drakes
  An efreet (D:14)
  3 yaktaurs (Vaults:2)
  9 komodo dragons
  24 merfolk
  4 trolls
  A queen bee (Orc:1)
  5 hornets
  5 polar bears
  4 wind drakes
  A wolf spider simulacrum (Gauntlet)
  4 dream sheep
  28 tarantellas
  24 blink frogs
  19 jumping spiders
  5 snapping turtles
  16 culicivoras
  3 centaur simulacra (Gauntlet)
  22 slime creatures
  A vampire (D:11)
  3 wyverns
  60 yaks
  7 spriggans (Lair:5)
  12 water elementals
  2 wraiths
  8 fire bats
  A warg (Orc:1)
  6 basilisks
  28 redbacks
  Edmund (D:5)
  5 steam dragons
  3 vampire mosquitoes (D:14)
  3 swamp worms (Gauntlet)
  2 acid dragons
  14 water moccasins
  3 hell hounds (Volcano)
  29 orc warriors
  2 ice beasts (D:5)
  6 laughing skulls
  A black bear (shapeshifter) (D:15)
  4 black bears
  3 sky beasts
  26 wolves
  8 ogres
  8 boggarts
  10 centaurs
  2 kobold brigands
  Blork the orc (D:5)
  3 gnoll sergeants
  9 bullfrogs
  2 scorpions
  6 wights
  A hornet simulacrum (Gauntlet)
  42 killer bees
  5 howler monkeys
  5 bombardier beetles
  An electric eel (Lair:2)
  3 lava snakes (Volcano)
  15 orc priests
  A hound (D:4)
  3 jellies
  2 gnoll boudas (D:8)
  Jessica (D:2)
  25 orc wizards
  An iguana (D:6)
  24 gnolls
  21 adders
  A shadow imp (D:7)
  6 ufetubi
  3 dart slugs (D:3)
  91 orcs
  5 ball pythons
  5 bats
  4 endoplasms
  2 giant cockroaches
  2 goblins (D:3)
  4 hobgoblins
  7 jackals (D:4)
  3 quokkas
  6 frilled lizards (D:2)
  13 kobolds
  5 rats
1076 creatures vanquished.

Vanquished Creatures (collateral kills)
  Bai Suzhen (Vaults:1)
  The ghost of Xajash the Gelid, an adept NaEn of Cheibriados (Vaults:1)
  2 vault wardens (Vaults:2)
  2 emperor scorpions (Spider:4)
  A very ugly thing (Vaults:1)
  A formless jellyfish (Vaults:1)
  5 ironbound preservers
  A vampire knight (Vaults:2)
  An ironbound thunderhulk (Vaults:2)
  A deep elf death mage (Vaults:2)
  A spark wasp (Spider:4)
  2 war gargoyles (Vaults:1)
  2 merfolk impalers
  A yaktaur captain (Vaults:1)
  A vault guard (Vaults:1)
  A centaur warrior (Vaults:2)
  A peacekeeper (Vaults:1)
  A radroach (Spider:3)
  5 merfolk aquamancers
  2 ironbound frosthearts (Vaults:1)
  A catoblepas (Shoals:4)
  A death knight (Vaults:2)
  A boulder beetle (Vaults:2)
  An alligator snapping turtle (Shoals:4)
  A death yak (Shoals:4)
  A satyr (Shoals:4)
  2 demonic crawlers (Spider:4)
  A pharaoh ant (Spider:4)
  2 skysharks (Shoals:2)
  2 sea snakes
  6 orb spiders
  14 deep trolls
  5 lindwurms
  3 steelbarb worms
  2 arcanists (Vaults:1)
  A harpy (Vaults:1)
  2 wolf spiders
  A faun (Shoals:4)
  An ugly thing (Vaults:1)
  3 merfolk sirens
  A cyclops (Shoals:4)
  3 manticores
  2 vault sentinels (Vaults:2)
  2 torpor snails
  2 wind drakes
  6 merfolk
  8 tarantellas
  2 snapping turtles
  6 jumping spiders
  A culicivora (Spider:3)
  4 water elementals
  A redback (Spider:4)
122 creatures vanquished.

Vanquished Creatures (others)
  A faun (Shoals:4)
  A cane toad (Lair:2)
  A slime creature (D:15)
  An iguana (D:7)
  8 tentacles (Shoals:1)
12 creatures vanquished.

Grand Total: 1210 creatures vanquished

Notes
Turn   | Place    | Note
-------+----------+-------------------------------------------
     0 | D:1      | adelrune the Draconian Earth Elementalist began the quest
                  | for the Orb.
     0 | D:1      | Reached XP level 1. HP: 14/14 MP: 3/3
   696 | D:2      | Reached XP level 2. HP: 20/20 MP: 3/5
   958 | D:2      | Found Sejikk's General Store.
   977 | D:2      | Bought a scroll of identify for 26 gold pieces
  1125 | D:2      | Reached XP level 3. HP: 26/26 MP: 3/6
  1271 | D:2      | Reached skill level 2 in Conjurations
  1748 | D:2      | Noticed Jessica
  1750 | D:2      | Killed Jessica
  1751 | D:2      | Reached XP level 4. HP: 33/33 MP: 8/8
  1931 | D:3      | Learned a level 3 spell: Passwall
  1940 | D:3      | Learned a level 3 spell: Stone Arrow
  2173 | D:3      | Reached XP level 5. HP: 38/38 MP: 7/9
  2270 | D:3      | Reached skill level 3 in Conjurations
  2354 | D:3      | Found an iron altar of Okawaru.
  2372 | D:3      | Found a broken altar of Ashenzari.
  2373 | D:3      | Found a hide-covered altar of Uskayaw.
  2377 | D:3      | Found a burning altar of Makhleb.
  2601 | D:3      | Found a bloodstained altar of Trog.
  3184 | D:4      | Found a staircase to the Ecumenical Temple.
  3191 | Temple   | Entered the Ecumenical Temple
  3205 | D:4      | Noticed an ogre
  3212 | D:4      | Killed an ogre
  3213 | D:4      | Reached skill level 1 in Evocations
  3213 | D:4      | Reached XP level 6. HP: 45/45 MP: 4/11
  3623 | D:4      | Found a radiant altar of Vehumet.
  3656 | D:4      | Found a white marble altar of Elyvilon.
  3711 | D:4      | Became a worshipper of Vehumet
  4042 | D:5      | Entered Level 5 of the Dungeon
  4110 | D:5      | Reached skill level 4 in Conjurations
  4110 | D:5      | Reached skill level 5 in Earth Magic
  4110 | D:5      | Your scales start taking on a pale cyan-grey colour.
  4110 | D:5      | Reached XP level 7. HP: 50/50 MP: 13/13
  4110 | D:5      | Gained mutation: You are immune to the effects of steam.
                  | [Pale Draconian growth]
  4192 | D:5      | Noticed Edmund
  4217 | D:5      | Killed Edmund
  4609 | D:5      | Reached skill level 5 in Spellcasting
  4609 | D:5      | Reached skill level 5 in Conjurations
  4690 | D:5      | Noticed Blork the orc
  4698 | D:5      | Identified the +2 long sword of the Lame Duck {flame, SInv}
  4712 | D:5      | Killed Blork the orc
  4713 | D:5      | Reached XP level 8. HP: 43/57 MP: 5/15
  5509 | D:5      | Found a snail-covered altar of Cheibriados.
  5821 | D:6      | Found a sparkling altar of Nemelex Xobeh.
  5846 | D:6      | Found a shimmering altar of Xom.
  6033 | D:6      | Found a sacrificial altar of Ru.
  6465 | D:7      | Reached skill level 6 in Conjurations
  7044 | D:7      | Reached XP level 9. HP: 45/62 MP: 14/18
  7188 | D:7      | Reached * piety under Vehumet
  7188 | D:7      | Offered knowledge of Foxfire by Vehumet.
  7309 | D:7      | Found a shimmering blue altar of Sif Muna.
  7479 | D:7      | Found Xiegax's Assorted Antiques.
  7487 | D:7      | Bought a wooden wand for 136 gold pieces
  7572 | D:7      | Reached skill level 7 in Conjurations
  8419 | D:8      | Reached skill level 8 in Conjurations
  8519 | D:8      | Learned a level 5 spell: Irradiate
  8548 | D:8      | Reached skill level 1 in Fighting
  8679 | D:8      | Found Motaudgh's Armour Shoppe.
  8683 | D:8      | Bought a +0 cloak for 72 gold pieces
  9076 | D:8      | Found a blossoming altar of Fedhas.
  9259 | D:8      | Reached XP level 10. HP: 71/73 MP: 18/22
  9572 | D:9      | Identified the +5 war axe of Accord {drain, Fly rCorr}
  9652 | D:9      | Offered knowledge of Static Discharge by Vehumet.
  9826 | D:9      | Reached ** piety under Vehumet
  9831 | D:9      | Noticed Maurice
  9848 | D:9      | Maurice stole the +5 war axe of Accord {drain, Fly rCorr}
  9850 | D:9      | Killed Maurice
 10285 | D:9      | Reached skill level 9 in Conjurations
 10817 | D:9      | Found a staircase to the Orcish Mines.
 11001 | D:9      | Reached skill level 5 in Fighting
 11188 | D:10     | Entered Level 10 of the Dungeon
 11189 | D:10     | Identified the amulet "Suitt" {Spirit -Tele rN++ SInv
                  | Stlth+}
 11195 | D:10     | Noticed a two-headed ogre
 11201 | D:10     | Killed a two-headed ogre
 11202 | D:10     | Reached skill level 5 in Dodging
 11347 | D:10     | Reached skill level 10 in Conjurations
 11536 | D:10     | Learned a level 4 spell: Iskenderun's Mystic Blast
 11543 | D:10     | Found a staircase to the Lair.
 11640 | D:10     | Learned a level 5 spell: Iskenderun's Battlesphere
 11718 | D:10     | Offered knowledge of Hailstorm by Vehumet.
 11949 | D:9      | Reached skill level 1 in Shields
 12008 | D:9      | Reached XP level 11. HP: 61/86 MP: 17/23
 12692 | Lair:1   | Entered Level 1 of the Lair of Beasts
 12849 | D:10     | Reached skill level 11 in Conjurations
 12891 | D:10     | Reached *** piety under Vehumet
 13246 | Lair:1   | Reached skill level 5 in Shields
 13479 | Lair:1   | Upgraded the game from 0.32-a0-666-ge8a88695a4 to
                  | 0.32-a0-673-g3729bd50f8
 13655 | Lair:1   | Offered knowledge of Dazzling Flash by Vehumet.
 13724 | Lair:1   | Reached skill level 12 in Conjurations
 14781 | Lair:2   | Reached XP level 12. HP: 85/94 MP: 14/24
 14943 | Lair:2   | Found a gate leading to a gauntlet.
 14966 | Gauntlet | Entered a Gauntlet
 14966 | Gauntlet | Found a transporter.
 14966 | Gauntlet | Found a runed translucent gate.
 14966 | Gauntlet | Found a transporter.
 15004 | Gauntlet | Found a runed translucent gate.
 15009 | Gauntlet | Found a runed translucent gate.
 15016 | Gauntlet | Found a transporter.
 15020 | Gauntlet | Found a transporter.
 15028 | Gauntlet | Found a transporter.
 15032 | Gauntlet | Found a transporter.
 15034 | Gauntlet | Noticed a great orb of eyes
 15043 | Gauntlet | Found a transporter.
 15054 | Gauntlet | Noticed a great orb of eyes
 15057 | Gauntlet | Found a transporter.
 15074 | Gauntlet | Found a transporter.
 15075 | Gauntlet | Found a transporter.
 15086 | Gauntlet | Found a transporter.
 15087 | Gauntlet | Found a transporter.
 15397 | Gauntlet | Killed a great orb of eyes
 15404 | Gauntlet | Reached skill level 13 in Conjurations
 15513 | Gauntlet | Got the Teachings on Erosion
 15530 | Gauntlet | Identified the +4 chain mail of Ighe Sie {Will- Str+3
                  | Int+4}
 15530 | Gauntlet | Noticed a minotaur
 15530 | Gauntlet | Found the +8 demon trident "Rift" {distort, reach+}
 15538 | Gauntlet | Killed a minotaur
 15543 | Gauntlet | Identified the +8 spear of Famine {spect, rC- Str+3 Dex+6}
 15570 | Gauntlet | Reached **** piety under Vehumet
 15979 | Lair:2   | Offered knowledge of Lee's Rapid Deconstruction by Vehumet.
 16112 | Lair:2   | Reached skill level 1 in Polearms
 16636 | Lair:2   | Reached skill level 14 in Conjurations
 16700 | Lair:2   | Found a hole to the Spider Nest.
 16882 | Lair:2   | Reached skill level 10 in Shields
 17447 | Lair:3   | Found a staircase to the Shoals.
 17456 | Lair:3   | Reached XP level 13. HP: 100/100 MP: 25/25
 17889 | Lair:3   | Reached ***** piety under Vehumet
 17893 | Lair:3   | Reached skill level 5 in Polearms
 18016 | Lair:3   | Offered knowledge of Plasma Beam by Vehumet.
 18497 | Lair:3   | Learned a level 7 spell: Orb of Destruction
 19334 | Lair:4   | Reached skill level 15 in Conjurations
 19788 | Lair:4   | Found an ancient bone altar of Kikubaaqudgha.
 20401 | Lair:5   | Entered Level 5 of the Lair of Beasts
 20527 | Lair:5   | Reached skill level 5 in Evocations
 21224 | Lair:5   | Found a staircase to the Slime Pits.
 21448 | Lair:5   | Reached XP level 14. HP: 75/107 MP: 19/26
 21602 | Lair:5   | Offered knowledge of Arcjolt by Vehumet.
 22551 | Lair:5   | Reached skill level 16 in Conjurations
 23425 | Orc:1    | Entered Level 1 of the Orcish Mines
 23445 | Orc:1    | Reached skill level 1 in Summonings
 23500 | Orc:1    | Found a dark tunnel.
 23509 | Volcano  | Entered a volcano
 23955 | Volcano  | Found a radiant altar of Vehumet.
 24213 | Orc:1    | Found a roughly hewn altar of Beogh.
 24224 | Orc:1    | Offered knowledge of Yara's Violent Unravelling by Vehumet.
 24495 | Orc:1    | Found a runed translucent door.
 24495 | Orc:1    | Noticed MrSquiggles's ghost (journeyman MiFi)
 24962 | Orc:2    | Entered Level 2 of the Orcish Mines
 25070 | Orc:2    | Reached skill level 10 in Polearms
 25084 | Orc:2    | Found a roughly hewn altar of Beogh.
 25110 | Orc:2    | Found a roughly hewn altar of Beogh.
 25190 | Orc:2    | Found a staircase to the Elven Halls.
 25208 | Orc:2    | Found a roughly hewn altar of Beogh.
 25677 | Orc:2    | Offered knowledge of Freezing Cloud by Vehumet.
 26218 | Orc:2    | Found a roughly hewn altar of Beogh.
 26242 | Orc:2    | Found Goah Lalo's General Store.
 26247 | Orc:2    | Bought a scroll of fear for 56 gold pieces
 26543 | Orc:2    | Found a roughly hewn altar of Beogh.
 26559 | Orc:2    | Found Refer's Weapon Emporium.
 27271 | Orc:2    | Noticed Saint Roka
 27447 | Orc:1    | HP: 5/107 [poisoned by Saint Roka]
 28088 | Orc:2    | Banished Saint Roka
 28095 | Orc:2    | Learned a level 5 spell: Freezing Cloud
 28225 | Orc:2    | Found Taynast's Antique Armour Shop.
 28225 | Orc:2    | Found a roughly hewn altar of Beogh.
 28226 | Orc:2    | Found Femmy's Antique Weapon Boutique.
 28252 | Orc:2    | Bought a pair of embroidered gloves for 292 gold pieces
 28399 | D:11     | Reached XP level 15. HP: 113/113 MP: 28/28
 28621 | D:11     | Reached skill level 1 in Air Magic
 28758 | D:11     | Reached skill level 1 in Ice Magic
 29444 | D:12     | Noticed Nergalle
 29449 | D:12     | Killed Nergalle
 29542 | D:12     | Noticed Rupert
 29548 | D:12     | Killed Rupert
 29874 | D:12     | Found a runed translucent gate.
 29874 | D:12     | Found a runed translucent gate.
 29874 | D:12     | Found a runed translucent gate.
 30018 | D:13     | Found a gate to the Vaults.
 31051 | D:13     | Offered knowledge of Eringya's Noxious Bog by Vehumet.
 31156 | D:13     | Identified the +1 short sword "Duil" {flame, Fly rC+ Int+3}
 32019 | D:14     | Identified the +4 quarterstaff "Vuhir" {antimagic, rCorr
                  | Str+6}
 32074 | D:14     | Noticed a tengu reaver
 32075 | D:14     | Found a runed translucent door.
 32077 | D:14     | Noticed a storm dragon
 32077 | D:14     | Noticed a fire giant
 32128 | D:14     | Reached skill level 10 in Spellcasting
 32131 | D:14     | Reached skill level 5 in Air Magic
 32327 | D:14     | Identified the +0 plate armour of Watchfulness {Dex+3}
 32805 | D:15     | Entered Level 15 of the Dungeon
 32938 | D:15     | Reached skill level 5 in Ice Magic
 33022 | D:15     | Found a staircase to the Depths.
 33747 | D:15     | Reached XP level 16. HP: 81/119 MP: 30/30
 34063 | D:15     | Found the +8 pair of quick blades "Gyre" and "Gimble"
                  | {protect}
 34535 | Spider:1 | Entered Level 1 of the Spider Nest
 35251 | Spider:1 | Offered knowledge of Ozocubu's Refrigeration by Vehumet.
 35272 | Spider:1 | Learned a level 7 spell: Spellforged Servitor
 35672 | Spider:1 | Reached skill level 5 in Summonings
 35843 | Spider:1 | Noticed Mlioglotl
 35855 | Spider:1 | Banished Mlioglotl
 36065 | Spider:2 | Paralysed by a jorogumo for 1 turns
 39947 | Spider:4 | Entered Level 4 of the Spider Nest
 40217 | Spider:4 | Reached skill level 10 in Summonings
 40892 | Spider:4 | Reached XP level 17. HP: 126/126 MP: 17/32
 41675 | Spider:4 | Learned a level 2 spell: Blink
 42128 | Spider:4 | Noticed Nikola
 42494 | Spider:4 | Reached ****** piety under Vehumet
 43059 | Spider:4 | Banished Nikola
 43676 | Spider:4 | Got a gossamer rune of Zot
 44345 | Shoals:1 | Entered Level 1 of the Shoals
 44494 | Shoals:1 | Identified the +0 pair of boots of the First Dreams {rPois
                  | rF++ rC+}
 44606 | Shoals:1 | Offered knowledge of Maxwell's Capacitive Coupling by
                  | Vehumet.
 44698 | Shoals:1 | Reached skill level 1 in Translocations
 44705 | Shoals:1 | Noticed a kraken
 44713 | Shoals:1 | Killed a kraken
 47055 | Shoals:2 | Identified the +0 arbalest of Irksome Prudence {drain,
                  | +Blink Int+3}
 47298 | Shoals:3 | Found the +27 heavy crossbow "Sniper" {heavy, Acc+∞ SInv}
 48469 | Shoals:3 | Reached XP level 18. HP: 145/145 MP: 31/33
 48492 | Shoals:3 | Offered knowledge of Lehudib's Crystal Spear by Vehumet.
 48492 | Shoals:3 | Offered knowledge of Shatter by Vehumet.
 48492 | Shoals:3 | Offered knowledge of Polar Vortex by Vehumet.
 48706 | Shoals:4 | Entered Level 4 of the Shoals
 48706 | Shoals:4 | Noticed Mara
 48712 | Shoals:4 | Banished Mara
 49040 | Shoals:4 | Got a barnacled rune of Zot
 49095 | Shoals:4 | Noticed Polyphemus
 49111 | Shoals:4 | Killed Polyphemus
 50159 | Shoals:4 | Reached skill level 10 in Fighting
 50471 | Shoals:4 | Identified the ring "Gomp" {Fire rPois Will++ Str-3}
 50707 | Shoals:4 | Got the Compendium of Ignition
 50843 | Shoals:4 | Reached skill level 10 in Earth Magic
 51469 | Shoals:4 | Learned a level 8 spell: Lehudib's Crystal Spear
 51651 | Vaults:1 | Entered Level 1 of the Vaults
 51928 | Vaults:1 | Found a runed translucent gate.
 51928 | Vaults:1 | Found a runed translucent gate.
 51928 | Vaults:1 | Found a runed translucent gate.
 51930 | Vaults:1 | Noticed Xajash's ghost (adept NaEn)
 51942 | Vaults:1 | Killed Xajash's ghost
 52067 | Vaults:1 | Identified the ring "Zauq" {Dex+3 Slay+4}
 52378 | Vaults:1 | Paralysed by a formless jellyfish for 1 turns
 54015 | Vaults:1 | Found Ummuti Huopp's Distillery.
 54019 | Vaults:1 | Bought a potion of heal wounds for 105 gold pieces
 54019 | Vaults:1 | Bought a potion of heal wounds for 105 gold pieces
 54019 | Vaults:1 | Bought a potion of enlightenment for 105 gold pieces
 54019 | Vaults:1 | Bought a potion of curing for 63 gold pieces
 54936 | Vaults:1 | Reached XP level 19. HP: 154/154 MP: 25/36
 55164 | Vaults:2 | Noticed Bai Suzhen
 55186 | Vaults:1 | Killed Bai Suzhen
 56181 | Vaults:2 | Found a staircase to the Crypt.
 56314 | Vaults:2 | Noticed Donald
 56327 | Vaults:2 | Banished Donald
 58061 | Vaults:2 | Identified the ring "Zuanof" {AC+4 Dex+6}
 58397 | Vaults:2 | Killed from afar by an ironbound thunderhulk

Illustrated notes

Levels and vault maps discovered:
D:1:      dpeg_arrival_long_road, layout_loops_ring
D:2:      minmay_door_path, layout_basic, serial_shops, shop, uniq_jessica
D:3:      layout_basic, minitemple, lemuel_coloured_pillars_altar
D:4:      layout_basic, nicolae_elyvilon_peaceful_grove,
          nicolae_overflow_hidden_temple, minmay_temple_entry_wispy,
          nicolae_the_louvre
D:5:      layout_loops_cross, slow_altar_2, grunt_decor_clamped,
          minmay_misc_feat_tower, uniq_edmund, uniq_blork_the_orc
D:6:      layout_cave_pools, lemuel_tele_altar, nemelex_diamond_rough_becter,
          nicolae_ru_great_annihilating_truth
D:7:      layout_cave_pools, kennysheep_mini_moat, serial_shops, shop
D:8:      layout_loops_ring, lemuel_doored_altar, serial_shops, shop
D:9:      layout_loops_ring, orc_0_dummy, uniq_maurice
D:10:     layout_loops_ring, lair_entry_dummy, st_stairs_13
D:11:     layout_loops_ring
D:12:     layout_roguey, ploomutoo_gammafunk_ghost_potion_laboratory,
          uniq_rupert, uniq_nergalle
D:13:     layout_rooms, erik_vaults_2
D:14:     minmay_gate_of_8, layout_basic
D:15:     hellmonk_depths_entry_around_the_bend, layout_irregular_city,
          chequers_jeans, hellmonk_guarded_unrand_gyre_and_gimble
Temple:   hellmonk_temple_rainy
Lair:1:   layout_chaotic_city
Lair:2:   minmay_lair_venomous_thicket, layout_hall_layers,
          spider_nest_entry_funnel_web, gauntlet_entry_generic,
          cheibrodos_lair_lostbears, infiniplex_staircase_pool
Lair:3:   layout_small_grid, shoals_dummy_entry, serial_bayou_shore_a
Lair:4:   layout_cave_pods, lemuel_centaur_altar
Lair:5:   minmay_lair_end_enchanted_forest, layout_small_grid, slime_entry_1,
          fungi_pond_lemuel, chequers_serial_rivers_small_3
Shoals:1: layout_shoals, nicolae_shoals_seven_spires
Shoals:2: layout_shoals
Shoals:3: layout_shoals, nicolae_shoals_former_cling_halls
Shoals:4: shoals_end_simple, layout_shoals, uniq_polyphemus, uniq_mara
Spider:1: layout_spider_delve, uniq_mlioglotl
Spider:2: layout_cave_pods, nicolae_spider_jagged_tunnels
Spider:3: layout_spider_delve, nicolae_spider_checkerboard
Spider:4: guppyfry_spider_rune, drop_trap, spiders_nest_ghost_moth_duel,
          uniq_nikola
Orc:1:    layout_diamond_mine, hellmonk_ghost_happy_afterlife, special_room
          [special_room_bee], nicolae_volcano_entry_batcave,
          nicolae_orc_crystal_seam, mines1_david
Orc:2:    grunt_orc_community_town_hall, layout_caves,
          grunt_orc_community_big_house_2, grunt_orc_community_big_house_1,
          grunt_orc_community_house_1, grunt_orc_community_house_1,
          grunt_orc_community_house_3, grunt_orc_community_house_3
Vaults:1: ebering_ghost_rock_garden, nicolae_vaults_network_quinsquares
          [nicolae_vaults_network_quincunx_subvault,
          nicolae_vaults_network_quincunx_subvault,
          nicolae_vaults_network_quincunx_subvault,
          nicolae_vaults_network_quincunx_subvault], nicolae_vaults_little_ls,
          ontoclasm_vaults_bender, nicolae_vaults_trapezoid_layered,
          hangedman_vaults_pinch, vaults_room_corners,
          nicolae_vaults_sightless_eye, grunt_vaults_hallway_short,
          ontoclasm_vaults_ring_square, nicolae_vaults_diamond_2,
          dpeg_vaults_monster_box, dpeg_vaults_waves,
          nicolae_vaults_stepped_doors, nicolae_vaults_diamond_1,
          layout_vaults_omnicross, serial_shops, nicolae_shop_hallway_stairs
Vaults:2: nicolae_vaults_tetromino_T_2, v_misc_10, ontoclasm_vaults_idyll,
          nicolae_vaults_tetromino_Z_1, minmay_crypt_entry_simple_statues,
          vaults_room_door_ring, nicolae_vaults_house_3,
          nicolae_vaults_tetromino_T_1, nicolae_vaults_closet_pinwheel_6,
          nicolae_vaults_diamond_1, v_pattern_5, layout_vaults_big_room,
          uniq_bai_suzhen, uniq_donald, uniq_saint_roka

Skill      XL: |  1  2  3  4  5  6  7  8  9 10 11 12 13 14 15 16 17 18 19 |
---------------+----------------------------------------------------------+-----
Stealth        | 2 |  2.0
Conjurations   | 2 3 4 5 6 8 10 12 14 15 16 | 16.5
Spellcasting   | 3 4 5 6 8 9 10 11 13 | 13.8
Earth Magic    | 4 5 7 8 11 13 | 13.6
Evocations     | 1 2 6 8 |  8.0
Dodging        | 2 5 6 7 |  7.8
Fighting       | 2 5 9 10 | 10.2
Shields        | 1 7 10 | 10.0
Polearms       | 4 8 10 12 14 | 14.0
Summonings     | 4 10 13 | 13.0
Air Magic      | 5 |  5.0
Ice Magic      | 5 |  5.0
Translocations | 4 |  4.5

Action                     |  1- 3 |  4- 6 |  7- 9 | 10-12 | 13-15 | 16-18 | 19-21 || total
---------------------------+-------+-------+-------+-------+-------+-------+-------++-------
  Melee: Unarmed           |     2 |       |       |       |       |       |       ||     2
         Short sword       |       |    22 |       |       |       |       |       ||    22
         Tailslap          |       |     3 |     6 |     8 |    91 |    79 |    15 ||   202
         Long sword        |       |       |    12 |    21 |       |       |       ||    33
         Demon trident     |       |       |       |    64 |  1057 |   770 |   154 ||  2045
  Throw: Boomerang         |    37 |    33 |    10 |       |       |       |       ||    80
   Cast: Sandblast         |    24 |    63 |   119 |   151 |    74 |       |       ||   431
         Stone Arrow       |       |     2 |    73 |   155 |    73 |    19 |       ||   322
         Iskenderun's Batt |       |       |       |    36 |    26 |     1 |       ||    63
         Passwall          |       |       |       |     1 |       |       |       ||     1
         Irradiate         |       |       |       |     3 |    12 |    12 |     2 ||    29
         Orb of Destructio |       |       |       |       |    25 |    27 |    13 ||    65
         Freezing Cloud    |       |       |       |       |    51 |   295 |    35 ||   381
         Spellforged Servi |       |       |       |       |       |   107 |    27 ||   134
Ability: Steam Breath      |       |       |     4 |    10 |     2 |     3 |     2 ||    21
  Evoke: Wand              |       |    13 |     2 |     9 |    13 |     5 |       ||    42
         Phial of floods   |       |       |       |       |     1 |       |       ||     1
    Use: Scroll            |     1 |       |     2 |    18 |     8 |    14 |     4 ||    47
         Potion            |       |       |       |       |     3 |     3 |    13 ||    19
   Stab: Paralysed         |       |       |       |     5 |       |       |       ||     5
         Sleeping          |       |       |       |       |    12 |     4 |     1 ||    17
         Distracted        |       |       |       |       |     3 |    10 |     3 ||    16
         Invisible         |       |       |       |       |       |       |     2 ||     2
 Armour: Skin              |     2 |    42 |   114 |   146 |   458 |   417 |   151 ||  1330
  Dodge: Dodged            |     6 |    41 |   125 |   147 |   338 |   261 |    77 ||   995
         Repelled          |       |       |       |       |    28 |    34 |    19 ||    81
  Block: Kite shield       |       |       |       |   118 |   552 |   391 |   117 ||  1178

Table legend: (Time is in decaauts)
 A = Elapsed time spent in this place.
 B = Non-inter-level travel time spent in this place.
 C = Inter-level travel time spent in this place.
 D = Time resting spent in this place.
 E = Time spent auto-exploring this place.
 F = Levels seen in this place.
 G = Mean time per level.
                   A        B        C        D        E       F      G
               +--------+--------+--------+--------+--------+-----+--------+
         Total |  58862 |  56663 |   2199 |  25692 |  18546 |  35 | 1681.8 |
       Dungeon |  20218 |  19350 |    868 |   6495 |   9011 |  15 | 1347.9 |
        Temple |     98 |     98 |      0 |     82 |      0 |   1 |   98.0 |
          Lair |   9838 |   9179 |    659 |   3630 |   3084 |   5 | 1967.6 |
        Shoals |   7447 |   7302 |    145 |   4070 |   1821 |   4 | 1861.8 |
   Spider Nest |   9541 |   9278 |    263 |   5495 |   1812 |   4 | 2385.2 |
  Orcish Mines |   4331 |   4177 |    154 |   2087 |   1155 |   2 | 2165.5 |
        Vaults |   6078 |   5971 |    107 |   3316 |   1556 |   2 | 3039.0 |
       Volcano |    555 |    555 |      0 |     94 |      0 |   1 |  555.0 |
      Gauntlet |    753 |    753 |      0 |    422 |    106 |   1 |  753.0 |
               +--------+--------+--------+--------+--------+-----+--------+

Top non-repeatable levels by time:
Vaults:1: 3301 daAuts
Spider:4: 2861 daAuts
Spider:3: 2858 daAuts
Vaults:2: 2777 daAuts
Shoals:4: 2565 daAuts
  Lair:5: 2524 daAuts
   Orc:1: 2280 daAuts
Spider:1: 2267 daAuts
  Lair:4: 2236 daAuts
     D:9: 2122 daAuts
  Lair:1: 2091 daAuts
   Orc:2: 2051 daAuts
    D:10: 1869 daAuts
    D:14: 1682 daAuts
Shoals:2: 1665 daAuts
